 Dungeon Crawl Stone Soup version 0.29.1-14-g9c671dbff4 (webtiles) character file.

Game seed: 3943779483294314145

528 hawla the Firebug (level 7, -4/52 HPs)
             Began as a Meteoran Fire Elementalist on Feb 13, 2023.
             Was an Initiate of Vehumet.
             Killed from afar by an orc wizard (9 damage)
             ... with a magic dart
             ... on level 7 of the Dungeon on Feb 14, 2023.
             The game lasted 00:08:01 (990 turns).

hawla the Firebug (Meteoran Fire Elementalist)       Turns: 990, Time: 00:08:02

Health: -4/52      AC:  2    Str:  9    XL:     7   Next: 77%
Magic:  5/15       EV: 13    Int: 19    God:    Vehumet [......]
Gold:   109        SH:  0    Dex: 15    Spells: 9/16 levels left

rFire   . . .      SeeInvis .   (no weapon)
rCold   . . .      Faith    .   (no shield)
rNeg    . . .      Spirit   .   a - +0 robe
rPois   .          Reflect  .   (no helmet)
rElec   .          Harm     .   (no cloak)
rCorr   .          Rampage  .   (no gloves)
Will    .....                   (no boots)
Stlth   +.........              (no amulet)
HPRegen 0.17/turn               (no ring)
MPRegen 0.14/turn               (no ring)

@: very slightly contaminated, glowing
A: sense surroundings 1, otherworldly, glowing, explore regen, mutation
resistance 1
a: Renounce Religion


You were on level 7 of the Dungeon.
You worshipped Vehumet.
Vehumet was noncommittal.
You visited 2 branches of the dungeon, and saw 8 of its levels.

You collected 109 gold pieces.

Inventory:

Armour
 a - a +0 robe (worn)
Jewellery
 d - a ring of positive energy
 f - an amulet of regeneration
 h - a ring of willpower
Scrolls
 b - a scroll of enchant weapon
Potions
 e - a potion of cancellation
 g - a potion of flight


   Skills:
 + Level 1.0 Fighting
 + Level 3.5 Dodging
 - Level 1.4 Stealth
 + Level 5.2 Spellcasting
 + Level 5.3 Conjurations
 + Level 5.8 Fire Magic


You had 9 spell levels left.
You knew the following spells:

 Your Spells              Type           Power      Damage    Failure   Level
a - Foxfire               Conj/Fire      100%       2x1d9     1%          1
b - Scorch                Fire           54%        2d7       1%          2
c - Flame Wave            Conj/Fire      26%        2d8       12%         4

Your spell library contained the following spells:

 Spells                   Type           Power      Damage    Failure   Level
 Conjure Flame            Conj/Fire      26%        6-21      3%          3
 Inner Flame              Hex/Fire       16%        N/A       11%         3


Dungeon Overview and Level Annotations

Branches:
Dungeon (7/15) Zot: 3397   Temple (1/1) D:5 Zot: 411

Altars:
Ashenzari
Cheibriados
Dithmenos
Fedhas
Gozag
Hepliaklqana
Kikubaaqudgha
Nemelex Xobeh
Okawaru
Ru
Sif Muna
Trog
Vehumet
Wu Jian
Xom
Zin

Shops:
D:1 *


Innate Abilities, Weirdness & Mutations

You passively map a small area around you.
You are easily found by Zot.
You glow in the dark.
You regain HP and MP as you explore.
You are somewhat resistant to further mutation.


Message History

The orc is almost dead.
The foxfire hits the orc.
You kill the orc!
Vehumet accepts your kill.
The foxfire hits the centaur.
The centaur is severely wounded.
The centaur shoots an arrow.
The arrow hits you!
You hit the centaur but do no damage.
The centaur is severely wounded.
The centaur unwields a +0 shortbow.
The centaur hits you. The centaur kicks you.
Casting: Foxfire (safe; 1% risk of failure)
Confirm with . or Enter, or press ? or * to list all spells.
The spell is quite dangerous to miscast (12% risk of failure)!
Continue anyway?
Casting: Flame Wave (quite dangerous; 12% risk of failure)
Press: ? - help, Dir - look around, f - activate You miscast Flame Wave.
You are very lightly contaminated with residual magic.
Nothing appears to happen.
The centaur hits you.
* * * LOW HITPOINT WARNING * * *
The centaur kicks you but does no damage.
The centaur hits you.
* * * LOW HITPOINT WARNING * * *
The centaur kicks you but does no damage.
The white imp puffs mist at you.
Okay, then.
Okay, then.
The centaur attacks as you move away! The centaur closely misses you. x2
The centaur wields a +0 shortbow.
The centaur shoots an arrow.
The arrow completely misses you.
A black bear comes into view.
Found 7 gold pieces.
The black bear growls angrily.
The centaur shoots an arrow.
The arrow barely misses you.
The centaur shoots an arrow.
The arrow hits you!
* * * LOW HITPOINT WARNING * * *
The centaur shoots an arrow.
The arrow misses you.
A magic dart appears from out of thin air!
The magic dart hits you!
You die...

#.....#..## +#.#+,##.
#.....#h## #.# , ##
#.....#Y#, ##.## ,,#
#.....{5#, ##...## #
#.....#.####.....#### *
* *
#.....#5.............
#..#.#c....###...######
......#.........###
+...#, .....,#@....####
#...#, ..... #<....#
#...# .... ,#.....#
#...# ,,.... +.....#
#...# , ,#....$#
#...#*###+# #.....#
#...##....##., #######
#.<..........
#............,


You could see a centaur and a white imp.

Vanquished Creatures
  A black bear (D:5)
  2 ogres
  A scorpion (D:5)
  A jelly (D:7)
  Terence (D:3)
  2 iguanas (D:6)
  An orc wizard (D:7)
  2 adders (D:5)
  A white imp (D:6)
  A dart slug (D:5)
  3 orcs (D:7)
  A ball python (D:1)
  4 bats
  4 endoplasms
  2 giant cockroaches (D:1)
  9 goblins
  3 hobgoblins (D:1)
  2 jackals (D:1)
  A quokka (D:1)
  A frilled lizard (D:1)
  2 kobolds
  4 rats (D:1)
49 creatures vanquished.

Vanquished Creatures (collateral kills)
  A hobgoblin (D:2)
1 creature vanquished.

Vanquished Creatures (others)
  118 foxfires
118 creatures vanquished.

Grand Total: 168 creatures vanquished

Notes
Turn   | Place    | Note
-------+----------+-------------------------------------------
     0 | D:1      | hawla the Meteoran Fire Elementalist began the quest for
                  | the Orb.
     0 | D:1      | Reached XP level 1. HP: 14/14 MP: 5/5
    27 | D:1      | Reached XP level 2. HP: 7/20 MP: 2/6
    83 | D:1      | Found Anuamit's General Store.
   118 | D:1      | Reached XP level 3. HP: 26/26 MP: 5/8
   160 | D:1      | Learned a level 2 spell: Scorch
   294 | D:2      | You fall into a shaft and drop 1 floor!
   331 | D:3      | Noticed Terence
   342 | D:3      | Killed Terence
   343 | D:3      | Reached XP level 4. HP: 11/33 MP: 3/10
   358 | D:4      | Learned a level 4 spell: Flame Wave
   387 | D:4      | Noticed an ogre
   400 | D:4      | Gained mutation: You are somewhat resistant to further
                  | mutation. [potion of mutation]
   415 | D:5      | Entered Level 5 of the Dungeon
   429 | D:5      | Noticed a scorpion
   435 | D:5      | Killed a scorpion
   436 | D:5      | Reached XP level 5. HP: 22/38 MP: 5/11
   463 | D:5      | Noticed a black bear
   483 | D:5      | Killed a black bear
   484 | D:5      | Reached XP level 6. HP: 15/45 MP: 3/12
   545 | D:5      | Reached skill level 5 in Fire Magic
   564 | D:5      | Found a staircase to the Ecumenical Temple.
   574 | D:5      | Noticed an ogre
   579 | D:5      | Killed an ogre
   580 | D:5      | Reached XP level 7. HP: 51/51 MP: 6/14
   598 | Temple   | Entered the Ecumenical Temple
   766 | Temple   | Became a worshipper of Vehumet
   822 | D:6      | Reached skill level 5 in Conjurations
   960 | D:7      | Reached skill level 1 in Fighting
   960 | D:7      | Reached skill level 5 in Spellcasting
   990 | D:7      | Killed from afar by an orc wizard

Illustrated notes

Levels and vault maps discovered:
D:1:      dpeg_arrival_more_subterranean_lakeside_camping, layout_basic,
          serial_shops, nicolae_shop_waterfront, ebering_ecumenical_altar_hall,
          minmay_misc_feat_room, nicolae_titane
D:2:      layout_basic, grunt_ministairs_13
D:3:      cheibrodos_thug_alley, layout_loops_corners, grunt_decor_arrowhead,
          uniq_terence
D:4:      layout_rooms, kennysheep_cluttered_room, minmay_ogre_servants
D:5:      layout_basic, temple_pool_b
D:6:      layout_rooms, grunt_temple_overflow_holy_war, uniq_menkaure,
          uniq_edmund
D:7:      cheibrodos_barr_body, layout_gridville, grunt_ogre_cave
Temple:   nicolae_temple_elliptical

Skill      XL: |  1  2  3  4  5  6  7 |
---------------+----------------------+-----
Fire Magic     | 4 5 |  5.8
Spellcasting   | 3 4 5 |  5.2
Dodging        | 3 |  3.5
Conjurations   | 3 4 5 |  5.3
Fighting       | 1 |  1.0
Stealth        | |  1.4

Action                   |  1- 3 |  4- 6 |  7- 9 || total
-------------------------+-------+-------+-------++-------
Melee: Unarmed           |    17 |     6 |     2 ||    25
 Cast: Foxfire           |    38 |    15 |    16 ||    69
       Scorch            |     4 |     8 |     4 ||    16
       Flame Wave        |       |     1 |     2 ||     3
  Use: Scroll            |     2 |       |     2 ||     4
       Potion            |     1 |     2 |     1 ||     4
Armor: Robe              |     4 |     5 |     2 ||    11
Dodge: Dodged            |    21 |    11 |    11 ||    43
